 Seeded DCSS version 0.29.1-2-gbd0b4ee654 (webtiles) character file.

Game seed: 20221115 (custom seed)

0 jamestheduck25 the Firebug (level 1, 0/11 HPs)
             Began as an Octopode Fire Elementalist on Nov 15, 2022.
             Slain by a frilled lizard (2 damage)
             ... on level 1 of the Dungeon.
             The game lasted 00:00:56 (185 turns).

jamestheduck25 the Firebug (OpFE)                    Turns: 185, Time: 00:01:07

Health: 0/11       AC:  1    Str:  7    XL:     1   Next: 10%
Magic:  2/3        EV: 10    Int: 17    God:
Gold:   22         SH:  0    Dex: 12    Spells: 3/4 levels left

rFire   . . .      SeeInvis .   (no weapon)
rCold   . . .      Faith    .   (no shield)
rNeg    . . .      Spirit   .   (helmet restricted)
rPois   .          Reflect  .   (no amulet)
rElec   .          Harm     .   (no ring)
rCorr   .          Rampage  .   (no ring)
Will    .....                   (no ring)
Stlth   +++.......              (no ring)
HPRegen 0.03/turn               (no ring)
MPRegen 0.08/turn               (no ring)
                                (no ring)
                                (no ring)

@: constricted
A: almost no armour, amphibious, 8 rings, camouflage 1, gelatinous body 1,
(nimble swimmer 1), tentacles
a: no special abilities


You were on level 1 of the Dungeon.
You visited 1 branch of the dungeon, and saw 1 of its levels.

You collected 22 gold pieces.

Inventory:

Jewellery
 d - a ring of ice
Potions
 a - a potion of magic
 c - a potion of curing


   Skills:
 + Level 2.0 Dodging
 + Level 2.7 Stealth
 + Level 2.0 Spellcasting
 + Level 1.0 Conjurations
 + Level 3.0 Fire Magic


You had 3 spell levels left.
You knew the following spells:

 Your Spells              Type           Power      Damage    Failure   Level
a - Foxfire               Conj/Fire      32%        2x1d5     9%          1

Your spell library contained the following spells:

 Spells                   Type           Power      Damage    Failure   Level
 Scorch                   Fire           22%        2d6       9%          2
 Conjure Flame            Conj/Fire      8%         6-21      26%         3
 Inner Flame              Hex/Fire       6%         N/A       30%         3
 Flame Wave               Conj/Fire      8%         2d5       63%         4


Dungeon Overview and Level Annotations

Branches:
Dungeon (1/15)

Altars:


Innate Abilities, Weirdness & Mutations

You cannot wear most types of armour.
You are amphibious.
You can wear up to eight rings at the same time.
Your skin changes colour to match your surroundings (Stealth+).
Your rubbery body absorbs attacks. (AC +1, EV +1)
((You are camouflaged when in or above water. (Stealth+)))
You have tentacles for arms and can constrict up to eight enemies at once.


Message History

Welcome, jamestheduck25 the Octopode Fire Elementalist.
Game seed: 20221115 (custom seed); Press ? for a list of commands and other information.
Found a staircase leading out of the dungeon.
You open the door.
Found 4 stones.
There is an open door here.
You now have 13 gold pieces.
Found a stone staircase leading down.
b - a scroll labelled PIMOC URUEKK
c - a ruby potion You now have 22 gold pieces (gained 9).
Found an escape hatch in the floor.
d - a ring of ice
As you read the scroll labelled PIMOC URUEKK, it crumbles to dust.
It is a scroll of identify.
c - a potion of curing
There is an escape hatch in the floor here.
A frilled lizard comes into view.
A rat comes into view.
A ball python comes into view.
The ball python hisses angrily.
The frilled lizard hisses angrily.
You conjure some foxfire!
The ball python bites you. The ball python closely misses you.
The foxfire hits the ball python.
The ball python is severely wounded.
The foxfire hits the rat.
You kill the rat!
The ball python barely misses you. The ball python grabs you.
The ball python constricts you. The frilled lizard bites you.
You barely miss the ball python. Your grab misses the ball python.
The ball python is severely wounded.
The ball python bites you.
* * * LOW HITPOINT WARNING * * *
The ball python constricts you.
* * * LOW HITPOINT WARNING * * *
The frilled lizard bites you.
You die...

# ##############
#######.............
...........>........
.##########.############
........# #.# .. #..
.....†..# #.# # #. #.#
........# #.##.####.##.#
......l@###............#
.......S.......####..###
........###.............
....##... .....######...
.## #.####....# #... #.
#....# #.## #. #..$.#
#.#. #. #....# #.#.
.....# #.#.


You could see a ball python and a frilled lizard.

Vanquished Creatures
  A rat (D:1)
1 creature vanquished.

Vanquished Creatures (others)
  2 foxfires (D:1)
2 creatures vanquished.

Grand Total: 3 creatures vanquished

Notes
Turn   | Place    | Note
-------+----------+-------------------------------------------
     0 | D:1      | jamestheduck25 the Octopode Fire Elementalist began the
                  | quest for the Orb.
     0 | D:1      | Reached XP level 1. HP: 11/11 MP: 3/3
   185 | D:1      | Slain by a frilled lizard

Illustrated notes

Levels and vault maps discovered:
D:1:      dpeg_arrival_simpleton_c, layout_basic,
          dreamdust_ecumenical_altar_sealed_demon

Action                   || total
-------------------------++-------
Melee: Unarmed           ||     1
 Cast: Foxfire           ||     1
  Use: Scroll            ||     1
Dodge: Dodged            ||     2
